 Dungeon Crawl Stone Soup version 0.29-a0-91-gdebf4667c2 (webtiles) character file.

Game seed: 12803137305028060143

208 dracfodder the Cudgeller (level 5, 0/34 HPs)
             Began as a Gargoyle Berserker on Feb 8, 2022.
             Was a Believer of Trog.
             Slain by an adder (4 damage)
             ... on level 3 of the Dungeon.
             The game lasted 00:06:52 (2808 turns).

dracfodder the Cudgeller (Gargoyle Berserker)       Turns: 2808, Time: 00:06:52

Health: 0/34       AC:  7    Str: 23    XL:     5   Next: 86%
Magic:  5/5        EV:  9    Int:  7    God:    Trog [**....]
Gold:   75         SH:  0    Dex:  9    Spells: 4/4 levels left

rFire   . . .      SeeInvis .   a - +1 mace (vamp)
rCold   . . .      Faith    .   (no shield)
rNeg    + . .      Spirit   .   b - +1 animal skin
rPois   ∞          Reflect  .   (no helmet)
rElec   +          Harm     .   (no cloak)
rCorr   .          Rampage  .   (no gloves)
Will    +++..                   (no boots)
Stlth   +.........              (no amulet)
HPRegen 1.11/turn               h - ring of willpower
MPRegen 0.09/turn               (no ring)

@: strong-willed, on berserk cooldown, regenerating, slowed, constricted, very
slow
A: sickness immunity, AC +4, negative energy resistance 1, electricity
resistance, torment resistance 1, petrification resistance
a: Renounce Religion, Berserk, Trog's Hand


You were on level 3 of the Dungeon.
You worshipped Trog.
Trog was pleased with you.
You visited 1 branch of the dungeon, and saw 3 of its levels.

You collected 75 gold pieces.

Inventory:

Hand Weapons
 a - a +1 vampiric mace (weapon)
Missiles
 c - 37 sling bullets
 d - 4 boomerangs
 e - 51 arrows
 f - 19 bolts
 g - 6 poisoned darts (quivered)
 k - 16 stones
Armour
 b - a +1 animal skin (worn)
Jewellery
 h - a ring of willpower (left hand)
Scrolls
 l - a scroll of magic mapping {unknown}
 m - a scroll of fog {unknown}
Potions
 i - a potion of heal wounds
 j - a potion of berserk rage


   Skills:
 * Level 4.7 Fighting
 + Level 4.7 Maces & Flails
 + Level 2.3 Armour
 + Level 2.4 Dodging
 + Level 0.8 Stealth


You had 4 spell levels left.
You didn't know any spells.
Your spell library was empty.

Dungeon Overview and Level Annotations

Branches:
Dungeon (3/15)

Altars:

Shops:
D:2 =*(=

Annotations:
D:3 Grinder, Terence


Innate Abilities, Weirdness & Mutations

You are immune to sickness and miasma.
Your stone body is resilient. (AC +4)
You are immune to poison.
You resist negative energy. (rN+)
You are resistant to electric shocks. (rElec)
You are resistant to unholy torment.
You are immune to petrification.


Message History

The orc priest is heavily wounded.
The orc priest hits you with a +2 vorpal trident.
You thump the orc priest!
You feel better.
You kill the orc priest!
Trog accepts your kill. The adder barely misses you.
The orc hits you but does no damage. The orc misses you. The adder bites you.
You see here a +2 vorpal trident.
You barely miss the orc. The adder barely misses you.
The orc hits you with a +0 mace. The orc hits you but does no damage.
You barely miss the orc.
You are no longer berserk.
You are exhausted.
You feel yourself slow down. The adder barely misses you.
The orc hits you but does no damage. x3
Your skin crawls.
You feel strong-willed. The adder bites you but does no damage.
The orc closely misses you. The orc hits you but does no damage.
The orc hits you with a +0 short sword. The orc closely misses you.
The adder bites you but does no damage.
You completely miss the orc. The adder misses you.
The orc hits you with a +0 whip.
* * * LOW HITPOINT WARNING * * *
The orc hits you but does no damage. x2
The orc hits you with a +0 short sword.
* * * LOW HITPOINT WARNING * * *
The adder closely misses you. The orc hits you but does no damage.
The orc hits you with a +0 mace.
* * * LOW HITPOINT WARNING * * *
The orc barely misses you. The orc hits you but does no damage.
You sock the orc!
You feel better.
The orc is almost dead.
The orc closely misses you. The orc hits you with a +0 mace.
* * * LOW HITPOINT WARNING * * *
The adder bites you but does no damage. The orc barely misses you. x2
The orc completely misses you. The orc misses you.
The ball python bites you but does no damage.
The ball python grabs you. The ball python constricts you. The adder bites you.
You die...

#.......#...#
#...........# . .......#
#...>.......#.# .......#
#......<......#
.......###.#........#...
.............###........
.......###.# #.........
........#..# #.SS>.....
..........# #o@o......
........# ##oo......
........# ##.......
####.#.†###### .#.#...
#.........###..#.#...
#####o.......... #..# ..
#...)..)......# .
..####.5@.....# .. .
#....)<...###


You could see an adder, 4 orcs and a ball python.

Vanquished Creatures
  2 orc priests (D:3)
  Natasha (twice) (D:3)
  3 adders (D:2)
  A worm (D:2)
  A dart slug (D:1)
  4 orcs (D:3)
  8 endoplasms
  4 giant cockroaches
  5 hobgoblins
  4 jackals (D:1)
  5 ball pythons
  6 bats
  3 frilled lizards
  8 goblins
  5 kobolds
  A rat (D:1)
62 creatures vanquished.

Notes
Turn   | Place    | Note
-------+----------+-------------------------------------------
     0 | D:1      | dracfodder the Gargoyle Berserker began the quest for the
                  | Orb.
     0 | D:1      | Reached XP level 1. HP: 14/14 MP: 1/1
   137 | D:1      | Reached XP level 2. HP: 18/19 MP: 2/2
   440 | D:1      | Reached XP level 3. HP: 15/24 MP: 3/3
  1087 | D:1      | Reached ** piety under Trog
  1417 | D:2      | Found Qohegu's Jewellery Boutique.
  1499 | D:2      | Found Ohoug Soyn's General Store.
  1844 | D:2      | Reached XP level 4. HP: 29/29 MP: 4/4
  1997 | D:2      | Found Bexo's Jewellery Emporium.
  2017 | D:3      | Noticed Natasha
  2022 | D:3      | Killed Natasha
  2041 | D:3      | Reached XP level 5. HP: 34/34 MP: 5/5
  2052 | D:3      | Noticed Grinder
  2075 | D:3      | Noticed Terence
  2078 | D:3      | Paralysed by Grinder for 7 turns
  2382 | D:2      | Found Sagydd's Antique Weapon Emporium.
  2487 | D:2      | Found a faded altar of an unknown god.
  2794 | D:3      | Noticed Natasha
  2796 | D:3      | Killed Natasha
  2808 | D:3      | Slain by an adder

Illustrated notes

Levels and vault maps discovered:
D:1:      roderic_crossed_star, layout_basic, serial_corexii_hall,
          chequers_hall_statues_y, chequers_hall_statues_wall_a,
          minmay_split_cup_large
D:2:      layout_basic, serial_shops, shop, nicolae_shop_advertising_works
          [nicolae_subvault_shop_adworks], shop, nicolae_shop_window_shopping,
          basic_ecumenical_altar, minmay_misc_feat_four_crosses, minivault_24,
          kennysheep_flooded_box
D:3:      layout_rooms, nicolae_wu_jian_immortal_techniques,
          nicolae_dithmenos_shadow_blocks, portal_sewer_entry_c, uniq_grinder,
          uniq_terence, uniq_natasha

Skill      XL: |  1  2  3  4 |
---------------+-------------+-----
Fighting       | 4 |  4.7
Maces & Flails | 4 |  4.7
Dodging        | 2 |  2.4
Armour         | |  2.3
Stealth        | |  0.8

Action                   |  1- 3 |  4- 6 || total
-------------------------+-------+-------++-------
Melee: Mace              |   116 |    68 ||   184
       Punch             |     4 |     1 ||     5
Invok: Berserk           |       |     1 ||     1
       Trog's Hand       |       |     1 ||     1
  Use: Scroll            |     6 |       ||     6
Armor: Animal skin       |    48 |    31 ||    79
Dodge: Dodged            |   107 |    55 ||   162

Table legend: (Time is in decaauts)
 A = Elapsed time spent in this place.
 B = Non-inter-level travel time spent in this place.
 C = Inter-level travel time spent in this place.
 D = Time resting spent in this place.
 E = Time spent auto-exploring this place.
 F = Levels seen in this place.
 G = Mean time per level.
                   A        B        C        D        E       F      G
               +--------+--------+--------+--------+--------+-----+--------+
         Total |   2856 |   2813 |     43 |    461 |   1816 |   3 |  952.0 |
       Dungeon |   2856 |   2813 |     43 |    461 |   1816 |   3 |  952.0 |
               +--------+--------+--------+--------+--------+-----+--------+

Top non-repeatable levels by time:
     D:1: 1390 daAuts
     D:2: 1372 daAuts
     D:3: 93 daAuts
